 Seeded DCSS version 0.30-a0-924-g0ad0bf95bc (webtiles) character file.

Game seed: 3125986916090331667 (custom seed)

259 Parcival the Covered (level 5, -8/47 HPs)
             Began as a Minotaur Fighter on Mar 22, 2023.
             Killed by divine providence
             ... invoked by an orc priest
              (13 damage)
             ... on level 4 of the Dungeon.
             The game lasted 00:07:26 (2709 turns).

Parcival the Covered (Minotaur Fighter)             Turns: 2709, Time: 00:07:27

Health: -8/47      AC: 10    Str: 32    XL:     5   Next: 95%
Magic:  0/4        EV: 14    Int:  5    God:
Gold:   152        SH:  0    Dex:  9    Spells: 4/4 levels left

rFire   + . .      SeeInvis .    c - +7 lajatang of Order {silver, rMut}
rCold   + + .      Faith    .    (shield currently unavailable)
rNeg    . . .      Spirit   +    k - +1 chain mail of Supple Strength {Harm Str+3}
rPois   .          Reflect  .    (helmet restricted)
rElec   .          Rampage  .    (no cloak)
rCorr   .          Harm     + .  (no gloves)
rMut    +                        (no boots)
Will    .....                    w - amulet of guardian spirit Stlth
                                 j - +6 ring of strength
HPRegen 0.27/turn                g - ring "Ygienin" {rF+ rC++ EV+5}
MPRegen 0.09/turn

@: no status effects
A: horns 2, retaliatory headbutt
a: no special abilities


You were on level 4 of the Dungeon.
You visited 1 branch of the dungeon, and saw 4 of its levels.

You collected 152 gold pieces.

Inventory:

Hand Weapons
 a - a +1 war axe of freezing
 c - the +7 lajatang of Order (weapon) {silver, rMut}
   (You acquired it on level 1 of the Dungeon)

   rMut:      It protects you from mutation.
Armour
 b - a +0 scale mail
 e - a +0 buckler
 k - the +1 chain mail of Supple Strength (worn) {Harm Str+3}
   (You found it on level 3 of the Dungeon)

   Str:       It affects your strength (+3).
   Harm:      It increases damage dealt and taken.
Jewellery
 g - the ring "Ygienin" (right hand) {rF+ rC++ EV+5}
   (You acquired it on level 3 of the Dungeon)

   [ring of evasion]

   EV:        It affects your evasion (+5).
   rF:        It protects you from fire.
   rC:        It greatly protects you from cold.
 h - an amulet of magic regeneration
 j - a +6 ring of strength (left hand)
 r - a ring of wizardry
 w - an amulet of guardian spirit (around neck)
Wands
 p - a wand of roots (7)
 q - a wand of flame (3)
Scrolls
 f - 2 scrolls of teleportation
Potions
 d - 2 potions of might
 i - 2 potions of heal wounds
 l - a potion of resistance
 m - 2 potions of lignification
 n - 2 potions of degeneration
 v - a potion of brilliance {unknown}


   Skills:
 + Level 4.3 Fighting
 + Level 2.7 Axes
 + Level 4.4 Staves
 + Level 5.0 Armour
 + Level 0.7 Dodging
 + Level 0.5 Stealth
 + Level 4.4 Shields


You had 4 spell levels left.
You didn't know any spells.
Your spell library contained the following spells:

 Spells                   Type           Power      Damage    Failure   Level
 Sandblast                Erth           0%         2d4       93%         1
 Passwall                 Tmut/Erth      0%         N/A       98%         2
 Stone Arrow              Conj/Erth      0%         3d7       100%        3


Dungeon Overview and Level Annotations

Branches:
Dungeon (4/15)
 Temple: D:4-7

Altars:
Okawaru

Shops:
D:3 :


Innate Abilities, Weirdness & Mutations

You have a pair of horns on your head.
You reflexively headbutt those who attack you in melee.


Message History

The centaur kicks you.
The centaur hits you but does no damage.
The centaur closely misses you. The iguana misses you. You furiously retaliate!
You headbutt the iguana.
The orc priest casts a cantrip, but nothing happens.
You slice the centaur!!
You kill the centaur!
The iguana misses you.
Your Staves skill increases to level 4!
Things that are here:
a +0 shortbow; a centaur corpse You barely miss the iguana.
Your headbutt misses the iguana.
The iguana is moderately wounded.
The iguana bites you but does no damage.
The orc priest invokes the aid of Beogh against you.
Beogh smites you!
You slash the iguana!
You kill the iguana!
The adder bites you but does no damage.
Your Armour skill increases to level 5!
The adder barely misses you.
The orc priest invokes the aid of Beogh against you.
Pain shoots through your body! The adder misses you.
You see here an iguana corpse.
The orc priest begins to cast a cantrip, but forgets the words!
The adder bites you but does no damage.
An orc priest comes into view. It is wielding a +0 mace.
The orc priest shouts!
The adder closely misses you.
The orc priest hits you but does no damage.
You slash the orc priest! Your headbutt misses the orc priest.
The orc priest is almost dead.
The adder closely misses you. You furiously retaliate!
You headbutt the adder! The orc priest barely misses you.
The adder bites you but does no damage.
The orc priest calls down the wrath of Beogh upon you.
Pain shoots through your body!
* * * LOW HITPOINT WARNING * * *
The orc priest calls down the wrath of Beogh upon you.
Beogh smites you!
You die...

######
#....######
#.)†.......
#
#.S........
#
#..@.......
#
#..o.......
#..........
#
+..........
+
#..........
#
#)..o......
..###......
..? ......
.... ......


You could see 2 orc priests and an adder.

Vanquished Creatures
  A centaur (D:4)
  An iguana (D:4)
  Natasha (thrice) (D:2)
  A gnoll (D:1)
  An adder (D:2)
  A worm (D:2)
  A dart slug (D:2)
  An orc (D:3)
  4 endoplasms
  A giant cockroach (D:2)
  5 hobgoblins
  4 quokkas
  9 ball pythons
  4 bats
  2 frilled lizards
  9 goblins
  8 kobolds
  4 rats
60 creatures vanquished.

Notes
Turn   | Place    | Note
-------+----------+-------------------------------------------
     0 | D:1      | Parcival the Minotaur Fighter began the quest for the Orb.
     0 | D:1      | Reached XP level 1. HP: 19/19 MP: 0/0
    33 | D:1      | Identified a scroll of acquirement
    33 | D:1      | Acquired the +7 lajatang of Order {silver, rMut}
    33 | D:1      | Found the +7 lajatang of Order {silver, rMut}
   243 | D:1      | Reached XP level 2. HP: 27/27 MP: 1/1
   657 | D:1      | Reached skill level 1 in Staves
   657 | D:1      | Reached XP level 3. HP: 22/33 MP: 2/2
  1002 | D:2      | Noticed Natasha
  1009 | D:2      | Killed Natasha
  1010 | D:2      | Reached skill level 4 in Armour
  1010 | D:2      | Reached XP level 4. HP: 12/40 MP: 3/3
  1555 | D:2      | Noticed Natasha
  1558 | D:2      | Killed Natasha
  1737 | D:2      | Noticed Natasha
  1743 | D:2      | Killed Natasha
  1744 | D:2      | Reached XP level 5. HP: 27/46 MP: 4/4
  1828 | D:3      | Found an iron altar of Okawaru.
  1912 | D:3      | Identified the +1 chain mail of Supple Strength {Harm
                  | Str+3}
  1930 | D:3      | Found Digoh's Book Boutique.
  2446 | D:3      | Acquired the ring "Ygienin" {rF+ rC++ EV+5}
  2698 | D:4      | Noticed a centaur
  2702 | D:4      | Killed a centaur
  2706 | D:4      | Reached skill level 5 in Armour
  2709 | D:4      | Killed from afar by an orc priest

Illustrated notes

Levels and vault maps discovered:
D:1:      amcnicky_arrival_single_pillar, layout_loops_cross,
          hangedman_glass_garden
D:2:      layout_loops_ring, dk_vineyard_1, uniq_natasha
D:3:      layout_basic, mainiacjoe_overflow_catwalk, serial_forest,
          infiniplex_forest_zigzag_1, infiniplex_forest_split,
          infiniplex_forest_end_double, infiniplex_forest_lined_room_,
          infiniplex_forest_corner_1, infiniplex_forest_lined_room_2,
          serial_shops, nicolae_shop_hallway_stairs
D:4:      layout_basic, old_standard_altar

Skill      XL: |  1  2  3  4  5 |
---------------+----------------+-----
Shields        | 4 |  4.4
Staves         | 1 2 3 4 |  4.4
Fighting       | 4 |  4.3
Armour         | 4 5 |  5.0
Axes           | |  2.7
Dodging        | |  0.7
Stealth        | |  0.5

Action                     |  1- 3 |  4- 6 || total
---------------------------+-------+-------++-------
  Melee: Lajatang          |    60 |    52 ||   112
         War axe           |     4 |       ||     4
         Headbutt          |     7 |     6 ||    13
    Use: Scroll            |     3 |    10 ||    13
 Armour: Scale mail        |    41 |    20 ||    61
         Chain mail        |       |    10 ||    10
  Dodge: Dodged            |    41 |    38 ||    79

Table legend: (Time is in decaauts)
 A = Elapsed time spent in this place.
 B = Non-inter-level travel time spent in this place.
 C = Inter-level travel time spent in this place.
 D = Time resting spent in this place.
 E = Time spent auto-exploring this place.
 F = Levels seen in this place.
 G = Mean time per level.
                   A        B        C        D        E       F      G
               +--------+--------+--------+--------+--------+-----+--------+
         Total |   2749 |   2604 |    145 |      0 |   2069 |   4 |  687.2 |
       Dungeon |   2749 |   2604 |    145 |      0 |   2069 |   4 |  687.2 |
               +--------+--------+--------+--------+--------+-----+--------+

Top non-repeatable levels by time:
     D:2: 1109 daAuts
     D:1: 752 daAuts
     D:3: 738 daAuts
     D:4: 148 daAuts
